Cogmind - Beta 14 @@@ ROGUE MODE // 2024.08.14 @ 09:27:36 Player: Daffa0360 Result: Destroyed by ZK-QZG(R) with Subdweller Laser Performance ------------- Evolutions (0) 0 Regions Visited (3) 600 Robots Destroyed (26) 130 Value Destroyed (668) 668 Prototype IDs (3) 60 Alien Tech Used (0) 0 Bonus (0) 0 TOTAL SCORE: 1458 Bonus ------- None Cogmind --------- Core Integrity 0/250 Matter 232/300 Energy 90/100 System Corruption 4% Temperature Cool (6) Movement Walking (120) Location -10/Subcaves Parts ------- > --- POWER (1) -------- (None) > --- PROPULSION (2) --- Aluminum Leg Aluminum Leg > --- UTILITY (2) ------ Medium Storage Unit Improved Terrain Scanner > --- WEAPON (2) ------- Medium Laser Light Assault Rifle > --- INVENTORY (10) --- Aluminum Leg Medium Matter Pod (0) ECM Suite Mining Laser Peak State ------------ > --- POWER ------------ Light Ion Engine > --- PROPULSION ------- Aluminum Leg Aluminum Leg > --- UTILITY ---------- Medium Storage Unit Improved Terrain Scanner > --- WEAPON ----------- Medium Laser Assault Rifle > --- INVENTORY -------- Aluminum Leg Medium Matter Pod ECM Suite Light Assault Rifle Mining Laser [Rating: 9] Favorites ----------- Power Ion Engine Engine Ion Engine Propulsion Aluminum Leg Leg Aluminum Leg Wheel Compact Wheel Utility Medium Storage Unit Device Improved Terrain Scanner Storage Medium Storage Unit Weapon Medium Laser Energy Gun Medium Laser Ballistic Gun Light Assault Rifle Launcher Grenade Launcher Build | -11 -10 -10 -10 ------- Run | Yrd Mat Min Sub Slots Evolved . | . . . . Power . | . . . . Propulsion . | . . . . Utility . | . . . . Weapon . | . . . . Parts Attached 18 | 6 4 8 . Power 2 | 1 . 1 . Engine 2 | 1 . 1 . Core . | . . . . Reactor . | . . . . Propulsion 5 | 2 . 3 . Treads . | . . . . Leg 2 | . . 2 . Wheel 3 | 2 . 1 . Hover . | . . . . Flight . | . . . . Utility 3 | 1 1 1 . Device 1 | . . 1 . Storage 2 | 1 1 . . Processor . | . . . . Hackware . | . . . . Protection . | . . . . Artifact . | . . . . Weapon 8 | 2 3 3 . Energy Gun 2 | 1 . 1 . Energy Cannon . | . . . . Ballistic Gun 5 | 1 2 2 . Ballistic Cannon . | . . . . Launcher 1 | . 1 . . Special Weapon . | . . . . Impact Weapon . | . . . . Slashing Weapon . | . . . . Piercing Weapon . | . . . . Special Melee Weapon . | . . . . Unidentified Prototypes . | . . . . Parts Lost 7 | . . 6 1 Power 2 | . . 1 1 Propulsion 2 | . . 2 . Utility . | . . . . Weapon 3 | . . 3 . Highest Loss Streak 5 | . . 5 1 To Critical Strikes . | . . . . Average Slot Usage (%) 87 | . 85 87 98 Engine 13 | . 14 13 12 Leg 13 | . . 19 28 Wheel 13 | . 28 6 . Device 3 | . . 3 14 Storage 14 | . 14 14 14 Energy Gun 7 | . 2 9 14 Ballistic Gun 15 | . 17 14 14 Launcher 4 | . 7 3 . Peak Build Rating 9 | 6 7 9 9 Average Rating 6 | 3 6 6 8 On Entrance 5 | . 6 7 9 Naked Turns . | . . . . Heaviest Build 20 | 13 20 20 17 Greatest Support 26 | 26 26 26 20 Greatest Overweight (x) 1 | . . 1 . Average Overweight (x) . | . . . . Largest Inventory Capacity 10 | 8 10 10 10 Average Capacity 9 | 7 8 10 10 Most Carried 9 | 5 8 9 4 Average Carried 5 | 2 6 5 4 Final Capacity 10 | 8 10 10 10 Final Carried 8 | 5 8 4 4 Class Distribution -------------------- 100% | Mutant Dominant Class ---------------- Mutant | -10/Materials Mutant | -10/Mines Mutant | -10/Subcaves Resources | -11 -10 -10 -10 ----------- Run | Yrd Mat Min Sub Matter Collected 593 | 258 86 249 . Remotely . | . . . . Salvage Created 651 | 18 340 293 . Parts 49 | 3 26 20 . Haulers Intercepted 1 | . 1 . . Recyclers Shooed . | . . . . Parts Field Recycled . | . . . . Retrieved Matter . | . . . . Parts Self-Destructed . | . . . . Prevented . | . . . . Kills | -11 -10 -10 -10 ------- Run | Yrd Mat Min Sub Combat Hostiles Destroyed 20 | . 7 13 . Guns 9 | . 3 6 . AOE 11 | . 4 7 . Classes Destroyed 5 | 1 3 1 . Builder 3 | . 2 1 . Tunneler 2 | 1 1 . . Hauler 1 | . 1 . . Swarmer 6 | . . 6 . Grunt 14 | . 7 7 . Best Kill Streak 5 | 1 5 5 . Combat Bots Only 5 | . 2 5 . Max Kills in Single Turn 5 | 1 5 3 . Gunslinging . | . . . . Exploded 3 | . 2 3 . Melee . | . . . . Uniques/NPCs Destroyed . | . . . . Combat | -11 -10 -10 -10 -------- Run | Yrd Mat Min Sub Hostile Shots Fired 102 | . 24 65 13 Missed 31 | . 13 15 3 Damage Taken 1097 | . 166 730 201 Core 251 | . 57 174 20 Absorbed by Shields . | . . . . Core Remaining (%) 100 | 100 . . . Volleys Fired 63 | 4 17 37 5 Largest 2 | 2 2 2 2 Hottest 70 | 70 50 70 70 Shots Fired 121 | 8 34 69 10 Gun 111 | 8 32 61 10 Cannon . | . . . . Launcher 10 | . 2 8 . Special . | . . . . Kinetic 88 | 4 32 47 5 Thermal 23 | 4 . 14 5 Explosive 10 | . 2 8 . Electromagnetic . | . . . . Robot Hit Streak 15 | 4 15 7 11 Robot Miss Streak 2 | 1 2 2 . Penetration Max . | . . . . Secondary Targets . | . . . . Shots Hit Robots 84 | 6 25 43 10 Core Hits 47 | 2 19 24 2 Critical Kills . | . . . . Critical Parts Destroyed . | . . . . Critical Strikes 1 | . . 1 . Burn 1 | . . 1 . Melee Attacks . | . . . . Impact . | . . . . Slashing . | . . . . Piercing . | . . . . Sneak Attacks . | . . . . Combat Hostiles . | . . . . Follow-up Attacks . | . . . . Damage Inflicted 1693 | 58 553 978 104 Guns 760 | 58 201 397 104 Cannons . | . . . . Explosions 920 | . 339 581 . Melee . | . . . . Ramming 13 | . 13 . . Kinetic 572 | 20 201 309 42 Thermal 188 | 38 . 88 62 Explosive 920 | . 339 581 . Electromagnetic . | . . . . Impact . | . . . . Slashing . | . . . . Piercing . | . . . . Highest Corruption 4 | . 4 4 4 Average Corruption 3 | . 2 4 4 Corruption Purged . | . . . . Corruption Blocked . | . . . . Effects 31 | . 3 25 3 Message Errors 6 | . . 4 2 Matter Fused 10 | . 1 8 1 Heat Flow Errors 2 | . 1 1 . Energy Discharges 3 | . 1 2 . Parts Rejected 1 | . . 1 . Data Loss (minor) 4 | . . 4 . Misfires 2 | . . 2 . Alerts 2 | . . 2 . Weapon Failures 1 | . . 1 . Overload Shots . | . . . . Overflow Damage 23 | . . 23 . Projectiles . | . . . . Explosions 23 | . . 23 . Melee . | . . . . Knockbacks . | . . . . Impact . | . . . . Kinetic . | . . . . Secondary . | . . . . Self-Inflicted Damage 55 | . 6 49 . Shots 4 | . . 4 . Rammed 1 | . 1 . . Targets Rammed 1 | . 1 . . Kicked . | . . . . Crushed . | . . . . Highest Temperature 274 | 40 18 274 1 Average Temperature 48 | 23 9 60 1 Received Heat Transfer 522 | . 93 399 30 Siege Activations . | . . . . Robots Corrupted . | . . . . Combat Hostiles . | . . . . Parts Fried . | . . . . Impact Corruptions . | . . . . Robots Melted . | . . . . Combat Hostiles . | . . . . Parts Melted . | . . . . Heat Transferred 629 | 111 . 333 185 Parts Sabotaged . | . . . . Parts Stolen . | . . . . Parts Stripped . | . . . . Power Chain Reactions . | . . . . Alert | -11 -10 -10 -10 ------- Run | Yrd Mat Min Sub Peak Influence 366 | 5 303 366 . Initial 43 | . 3 43 . Average 158 | . 115 201 . Maximum Alert Level 1 | . 1 1 . Low Security (%) 73 | 100 92 59 . Level 1 26 | . 7 40 . Level 2 . | . . . . Level 3 . | . . . . Level 4 . | . . . . Level 5 . | . . . . High Security . | . . . . Max Security . | . . . . Squads Dispatched . | . . . . Investigation . | . . . . Extermination . | . . . . Reinforcement . | . . . . Assault . | . . . . Garrison . | . . . . Intercept . | . . . . Searches Triggered . | . . . . Construction Impeded . | . . . . Haulers Reinforced . | . . . . Active Scanning Responses . | . . . . Cargo Convoy Interrupts . | . . . . Stealth | -11 -10 -10 -10 --------- Run | Yrd Mat Min Sub Distress Signals 2 | . 2 . . Communications Jammed . | . . . . Distress Signals . | . . . . Times Spotted 29 | . 14 13 2 Peak Tracking Total 5 | . 4 5 2 Tactical Retreats 2 | . . 2 . Traps | -11 -10 -10 -10 ------- Run | Yrd Mat Min Sub Traps Triggered 1 | . 1 . . Indirectly . | . . . . Trap Hack Attempts . | . . . . Triggered . | . . . . Disarmed . | . . . . Reprogrammed . | . . . . Reused . | . . . . Traps Extracted . | . . . . Installed . | . . . . Triggered . | . . . . Machines | -11 -10 -10 -10 ---------- Run | Yrd Mat Min Sub Machines Disabled 1 | . . 1 . Max in Single Turn 1 | . . 1 . Machines Repaired . | . . . . Machines Dismantled . | . . . . Machines Sabotaged . | . . . . Overloaded Fab Kills . | . . . . Hacking | -11 -10 -10 -10 --------- Run | Yrd Mat Min Sub Machines Accessed 7 | . 7 . . Terminals 7 | . 7 . . Fabricators . | . . . . Repair Stations . | . . . . Recycling Units . | . . . . Scanalyzers . | . . . . Garrison Access . | . . . . Total Hacks 30 | . 30 . . Successful 15 | . 15 . . Failed 15 | . 15 . . Catastrophic 1 | . 1 . . Database Lockouts . | . . . . Manual 21 | . 21 . . Terminals 30 | . 30 . . Fabricators . | . . . . Repair Stations . | . . . . Recycling Units . | . . . . Scanalyzers . | . . . . Garrison Access . | . . . . Terminal Hacks 5 | . 5 . . Robot Analysis 1 | . 1 . . Prototype ID Bank 2 | . 2 . . Locate Traps 1 | . 1 . . Zone Layout 1 | . 1 . . Fabricator Hacks . | . . . . Repair Station Hacks . | . . . . Recycling Unit Hacks . | . . . . Scanalyzer . | . . . . Garrison Access Hacks . | . . . . Unauthorized Hacks 10 | . 10 . . Terminals 10 | . 10 . . Assimilate 5 | . 5 . . Botnet 5 | . 5 . . Fabricators . | . . . . Repair Stations . | . . . . Recycling Units . | . . . . Scanalyzers . | . . . . Garrison Access . | . . . . Data Cores Recovered . | . . . . Used . | . . . . Hacking Detections 7 | . 7 . . Full Trace Events . | . . . . Feedback Events . | . . . . Feedback Blocked . | . . . . Robot Schematics Acquired . | . . . . Robots Built . | . . . . Authchips . | . . . . Time . | . . . . Total Robot Build Rating . | . . . . Part Schematics Acquired . | . . . . Parts Built . | . . . . Authchips . | . . . . Time . | . . . . Total Part Build Rating . | . . . . Parts Repaired . | . . . . Time . | . . . . Parts Recycled . | . . . . Recycled Matter . | . . . . Retrieved Matter . | . . . . Retrieved Components . | . . . . Parts Scanalyzed . | . . . . Part Schematics Acquired . | . . . . Parts Damaged . | . . . . Bothacking | -11 -10 -10 -10 ------------ Run | Yrd Mat Min Sub Used RIF Installer . | . . . . Robots Hacked . | . . . . Non-combat . | . . . . Combat . | . . . . Robot Hacks Applied . | . . . . Relay Couplers Released . | . . . . Fabnet Peak Effective % . | . . . . Robots Rewired . | . . . . Allies Hacked . | . . . . Hacks Repelled . | . . . . Allies | -11 -10 -10 -10 -------- Run | Yrd Mat Min Sub Total Allies 1 | . 1 . . Largest Group 1 | . 1 . . Highest-Rated Group 10 | . 10 . . Highest-Rated Ally 10 | . 10 . . Total Orders . | . . . . Ally Attacks . | . . . . Total Damage . | . . . . Kills . | . . . . Allies Corrupted . | . . . . Allies Melted . | . . . . Intel | -11 -10 -10 -10 ------- Run | Yrd Mat Min Sub Robot Analysis Total 1 | . 1 . . Derelict Logs Recovered 1 | . . 1 . Drone Launches . | . . . . Drone Recoveries . | . . . . Exploration | -11 -10 -10 -10 ------------- Run | Yrd Mat Min Sub Turns Passed 1590 | 113 483 893 101 Spaces Moved 1124 | 115 464 479 66 Core 63 | 63 . . . Treads . | . . . . Legs 335 | . . 269 66 Wheels 726 | 52 464 210 . Hover . | . . . . Flight . | . . . . Fastest Speed 50 | 50 90 90 120 Average Speed 97 | 68 90 107 120 Slowest Speed 190 | 90 90 190 120 Overloaded Moves . | . . . . Propulsion Burnouts . | . . . . Robots Hopped . | . . . . Cave-ins Triggered . | . . . . Exploration Rate (%) 43 | 4 91 72 5 Regions Visited 3 Branch Regions 2 Pre-discovered Areas . | . . . . Known Exits Taken . | . . . . Unknown Exits Taken 3 | 1 1 1 . Scrap Searched 1 | . . 1 . Spaces Dug . | . . . . Terrain Destroyed 74 | . 8 66 . Melee . | . . . . Projectile . | . . . . AOE 74 | . 8 66 . Terrain Rammed . | . . . . Walls Destroyed . | . . . . Machines Disabled . | . . . . Actions | -11 -10 -10 -10 --------- Run | Yrd Mat Min Sub Total 1515 | 142 501 792 80 Wait 288 | 7 7 265 9 Move 1121 | 114 463 478 66 Hop . | . . . . Pick Up 21 | 11 6 4 . Fast Attach . | . . . . Attach 15 | 6 1 8 . Detach . | . . . . Swap 3 | . 3 . . Drop 3 | . 3 . . Fire 63 | 4 17 37 5 Melee . | . . . . Ram 1 | . 1 . . Kick . | . . . . Crush . | . . . . Escape Stasis . | . . . . Rewire . | . . . . Trap . | . . . . Miscellaneous . | . . . . Route ------- -11/Scrapyard -10/Materials (discovered 4 exits: [*Mat x3] / [*Min]) -10/Mines (discovered 3 exits: [*Mat x2] / [*Sub]) -10/Subcaves History --------- Turn | Location | Event 5 | -11/Scrapyard | Discovered new exit (range 16) 114 | -11/Scrapyard | Entered Materials 317 | -10/Materials | Build established: Mutant 317 | -10/Materials | Discovered new exit (range 15) 452 | -10/Materials | Discovered new exit (range 6) 535 | -10/Materials | Discovered new exit (range 5) 578 | -10/Materials | Discovered new exit (range 9) 597 | -10/Materials | Entered Mines 703 | -10/Mines | Discovered new exit (range 12) 757 | -10/Mines | Discovered new exit (range 5) 840 | -10/Mines | Core integrity fell below 50% 858 | -10/Mines | Core integrity fell below 20% 894 | -10/Mines | Lost 5 parts (1p2n2w) 1259 | -10/Mines | Learned Materials emergency access door positions 1476 | -10/Mines | Discovered new exit (range 5) 1490 | -10/Mines | Entered Subcaves 1522 | -10/Subcaves | A swath of the cavern ceiling suddenly collapsed 1591 | -10/Subcaves | Destroyed by ZK-QZG(R) with Subdweller Laser Last Messages --------------- 01400_ G-47 Trooper overheating. 01404_ G-47 Trooper heat damages Particle Gun. 01418_ G-47 Trooper destroyed. 01429_ U2H3:X&SATWZKLA:SJJU X7GS5Y# 01431_ Acquired 52 matter. 01445_ OUW%S9NYKVY/LBZD|ELYJ0Q 01466_ T-07 Excavator is excavating. 01476_ EXIT=FOUND 01479_ U-05 Engineer lays Concrete. 01483_ System corrupted: Component data lost. LOCATION=UNKNOWN AMBIENT_HEAT=-10 GOAL=ESCAPE 01496_ L5-LH3(u) builds Twisted Machinery. 01508_ QC8CDA